 Dungeon Crawl Stone Soup version 0.28.0 (webtiles) character file.

Game seed: 8411361420913830442

550 Host24 the Quickloader (level 7, -3/41 HPs)
             Began as a Kobold Hunter on Mar 5, 2022.
             Killed from afar by an orc wizard (8 damage)
             ... with a puff of flame
             ... on level 4 of the Dungeon.
             The game lasted 00:08:30 (5326 turns).

Host24 the Quickloader (Kobold Hunter)              Turns: 5326, Time: 00:08:31

Health: -3/41      AC:  5    Str: 12    XL:     7   Next: 54%
Magic:  7/7        EV: 15    Int: 12    God:
Gold:   236        SH:  0    Dex: 15    Spells: 6/6 levels left

rFire   . . .      SeeInvis .   a - +1 hand crossbow
rCold   . . .      Faith    .   (no shield)
rNeg    . . .      Spirit   .   c - +0 leather armour
rPois   .          Reflect  .   (no helmet)
rElec   .          Harm     .   p - +1 cloak
rCorr   .          Rampage  .   (no gloves)
Will    .....                   (no boots)
Stlth   +++.......              (no amulet)
HPRegen 0.13/turn               (no ring)
MPRegen 0.10/turn               (no ring)

@: hasted, very quick
A: small, no large weapons, nightstalker 3
a: no special abilities


You were on level 4 of the Dungeon.
You visited 1 branch of the dungeon, and saw 4 of its levels.

You collected 236 gold pieces.

Inventory:

Hand Weapons
 a - a +1 hand crossbow (weapon)
 s - a +2 dagger of speed
Missiles
 d - 37 bolts (quivered ammo)
 e - 139 stones
 m - 14 arrows
 q - 5 poisoned darts
Armour
 c - a +0 leather armour (worn)
 p - a +1 cloak (worn)
Wands
 k - a wand of iceblast (8)
Scrolls
 h - a scroll of magic mapping {unknown}
 i - 3 scrolls of enchant armour {unknown}
 j - 4 scrolls of identify {unknown}
 n - a scroll of teleportation {unknown}
Potions
 f - a potion of lignification {unknown}
 g - a potion of curing {unknown}
 l - a potion of berserk rage {unknown}
 o - a potion of haste
 r - a potion of degeneration {unknown}


   Skills:
 - Level 3.0 Fighting
 + Level 9.4 Crossbows
 - Level 4.2 Dodging
 - Level 1.3 Stealth


You had 6 spell levels left.
You didn't know any spells.
Your spell library contained the following spells:

 Spells                   Type           Power      Damage    Failure   Level
 Foxfire                  Conj/Fire      0%         2x1d4     38%         1
 Conjure Flame            Conj/Fire      0%         6-21      77%         3
 Inner Flame              Hex/Fire       0%         N/A       77%         3
 Flame Wave               Conj/Fire      0%         2d4       99%         4


Dungeon Overview and Level Annotations

Branches:
Dungeon (4/15)
 Temple: D:4-7

Altars:
Trog

Annotations:
D:3 Grinder


Innate Abilities, Weirdness & Mutations

You are small and have problems with some larger weapons.
You are completely attuned to the shadows.


Message History

A magic dart appears from out of thin air!
The magic dart hits you!
* * * LOW HITPOINT WARNING * * *
You miss something. Something hits you but does no damage.
You closely miss something.
a - a +1 hand crossbow (weapon)
Something hits you.
* * * LOW HITPOINT WARNING * * *
Fire: 42 bolts
Press: ? - help, Q - select action, (/) - cycle Shift-Dir - straight line, f - orc
Aim: an orc, wielding a +0 flail (moderately wounded, 68% to hit)
You shoot a bolt. The bolt hits the orc!
You kill the orc!
Something barely misses you.
It was a potion of haste.
You feel yourself speed up. Something hits you but does no damage.
Fire: 41 bolts
Press: ? - help, Q - select action, (/) - cycle Shift-Dir - straight line, f - you Really target yourself?
Okay, then.
Unknown command.
Unknown command.
Fire: 41 bolts
Press: ? - help, Q - select action, (/) - cycle Shift-Dir - straight line You shoot a bolt.
Something hits you but does no damage.
Fire: 40 bolts
Press: ? - help, Q - select action, (/) - cycle Shift-Dir - straight line You shoot a bolt.
Fire: 39 bolts
Press: ? - help, Q - select action, (/) - cycle Shift-Dir - straight line You shoot a bolt.
Something hits you but does no damage.
Fire: 38 bolts
Press: ? - help, Q - select action, (/) - cycle Shift-Dir - straight line You shoot a bolt.
You hear some strange, mumbled words.
A puff of flame appears from out of thin air!
The puff of flame hits you!
You die...

#......# ...... ########
## ..## #.... #.... #....
##... ############## #....
#......).@{(.( +.>..
#.############ #....
#....# ##### #....# ######
#....# #....# #....#
#....# #.#### #....#
#.######## #....#
#.#......############....#


There were no monsters in sight!

Vanquished Creatures
  An ogre (D:4)
  6 killer bees (D:4)
  An iguana (D:4)
  Ijyb (D:3)
  A hound skeleton (D:3)
  3 gnolls (D:2)
  2 adders
  An adder skeleton (D:4)
  A worm (D:3)
  6 orcs (D:4)
  7 ball pythons
  5 bats
  6 endoplasms
  2 giant cockroaches (D:1)
  4 goblins
  9 hobgoblins
  11 jackals
  4 quokkas
  3 frilled lizards
  7 kobolds
  5 rats
86 creatures vanquished.

Vanquished Creatures (others)
  3 demonic plants (D:1)
  A fungus (D:1)
  A plant (D:1)
5 creatures vanquished.

Grand Total: 91 creatures vanquished

Notes
Turn   | Place    | Note
-------+----------+-------------------------------------------
     0 | D:1      | Host24 the Kobold Hunter began the quest for the Orb.
     0 | D:1      | Reached XP level 1. HP: 12/12 MP: 1/1
   294 | D:1      | Reached skill level 5 in Crossbows
   461 | D:1      | Reached XP level 2. HP: 8/18 MP: 2/2
  1022 | D:1      | Found a faded altar of an unknown god.
  1090 | D:1      | Reached XP level 3. HP: 22/23 MP: 3/3
  2363 | D:2      | Reached XP level 4. HP: 28/28 MP: 4/4
  2882 | D:3      | Noticed Ijyb
  2893 | D:3      | Killed Ijyb
  2894 | D:3      | Reached skill level 6 in Crossbows
  2894 | D:3      | Reached XP level 5. HP: 17/32 MP: 5/5
  3639 | D:3      | Noticed Grinder
  4098 | D:3      | Found a bloodstained altar of Trog.
  4453 | D:4      | Reached XP level 6. HP: 26/37 MP: 6/6
  4577 | D:4      | Reached skill level 7 in Crossbows
  4591 | D:4      | Noticed an ogre
  4600 | D:4      | Killed an ogre
  4698 | D:4      | Reached skill level 8 in Crossbows
  4720 | D:4      | Reached XP level 7. HP: 21/41 MP: 7/7
  4725 | D:4      | Reached skill level 9 in Crossbows
  5326 | D:4      | Killed from afar by an orc wizard

Illustrated notes

Levels and vault maps discovered:
D:1:      saegor_arrival_simple_e, layout_loops_ring,
          shapermc_ecumenical_altar_gd
D:2:      layout_loops_corners
D:3:      layout_loops_ring, lemuel_tele_altar, skrybe_limestone_x,
          uniq_grinder, uniq_ijyb
D:4:      layout_basic

Skill      XL: |  1  2  3  4  5  6  7 |
---------------+----------------------+-----
Crossbows      | 5 6 8 9 |  9.4
Fighting       | 3 |  3.0
Dodging        | 3 4 |  4.2
Stealth        | |  1.3

Action                   |  1- 3 |  4- 6 |  7- 9 || total
-------------------------+-------+-------+-------++-------
Melee: Short sword       |   151 |   156 |     5 ||   312
       Punch             |     1 |     1 |     1 ||     3
       Dagger            |       |       |    43 ||    43
 Fire: Hand crossbow     |     2 |    41 |    19 ||    62
  Use: Potion            |       |       |     1 ||     1
 Stab: Sleeping          |    16 |     9 |     1 ||    26
       Distracted        |     1 |       |       ||     1
Armor: Leather armour    |    31 |    47 |    12 ||    90
Dodge: Dodged            |    97 |   185 |    25 ||   307
